Map: White Rabbit LE

Players

ShoWTimE - Winner!

  • Race: Protoss Protoss
  • League: Master
  • Spawn Location: 7:00

HeroMarine

  • Race: Terran Terran
  • Spawn Location: 1:00

VOD

Have the link to the VOD?

Description

Time

  • Played on: Feb. 1, 2026, 3:04 p.m.
  • Length: 8:15
Show
View Real Time Build Order
Export as new Build Order

ShoWTimE Protoss - Winner!

Build Orders: Oracle Opening 

Get SALT Encoding   

  12  0:00  Probe  
  13  0:12  Probe  
  14  0:17  Pylon  
  14  0:24  Probe  
  15  0:32  Probe  
  15  0:35  Gateway  
  15  0:40  Probe  
  16  0:45  Assimilator  
  17  0:50  Probe  
  18  1:03  Probe  
  19  1:15  Probe  
  20  1:22  Cybernetics Core  
  20  1:25  Zealot  
  22  1:27  Probe  
  22  1:28  Pylon  
  23  1:36  Assimilator  
  23  1:46  Probe  
  24  1:48  Adept  
  24  1:58  Probe  
  27  2:04  Shield Battery  
  27  2:10  Adept, Probe  
  28  2:16  Stargate  
  28  2:22  Pylon  
  30  2:27  Warp Gate  
  30  2:39  Nexus  
  30  2:42  Probe  
  31  2:51  Oracle  
  31  2:54  Probe  
  35  3:06  Probe  
  35  3:09  Pylon  
  36  3:18  Gateway  
  36  3:19  Probe  
  36  3:27  Oracle  
  36  3:31  Probe  
  40  3:43  Probe  
  41  3:55  Probe  
  42  3:56  Probe  
  42  3:59  Oracle  
  42  4:02  Shield Battery  
  43  4:03  Pylon  
  43  4:07  Probe  
  43  4:08  Probe  
  48  4:17  Adept x2  
  52  4:19  Probe  
  52  4:20  Probe  
  52  4:22  Pylon  
  54  4:31  Probe  
  54  4:32  Probe  
  54  4:37  Adept x2  
  60  4:43  Probe  
  60  4:44  Probe  
  60  4:45  Twilight Council  
  62  4:55  Probe  
  62  4:57  Stalker x2  
  65  5:00  Probe  
  65  5:02  Blink  
  66  5:07  Probe  
  66  5:13  Probe  
  65  5:16  Assimilator  
  65  5:18  Assimilator  
  65  5:20  Probe  
  66  5:22  Stalker x2  
  66  5:25  Probe  
  68  5:32  Pylon, Probe  
  68  5:33  Shield Battery  
  69  5:40  Gateway  
  69  5:47  Stalker, Gateway  
  69  5:49  Stalker  
  73  5:53  Pylon  
  73  6:07  Probe x2  
  75  6:20  Nexus, Probe x2  
  75  6:25  Stalker x2  
  81  6:29  Forge  
  81  6:30  Robotics Facility  
  81  6:32  Probe  
  81  6:34  Probe  
  81  6:37  Stalker  
  85  6:41  Stalker  
  85  6:46  Probe x2  
  89  6:47  Pylon  
  89  6:58  Probe x2  
  89  7:01  Gateway x2  
  91  7:13  Stalker x3  
  95  7:15  Probe  
  95  7:22  Shield Battery  
  96  7:29  Shield Battery  
  94  7:33  Stalker  
  94  7:40  Stalker x3  
  94  7:56  Stalker  
  84  8:01  Stalker x2  
Show
View Real Time Build Order
Export as new Build Order

HeroMarine Terran 

Build Orders:  

Get SALT Encoding   

  12  0:00  SCV  
  13  0:12  SCV  
  14  0:18  Supply Depot  
  14  0:24  SCV  
  15  0:40  Barracks  
  15  0:44  Refinery  
  15  0:57  Barracks  
  15  1:01  SCV  
  16  1:13  SCV  
  17  1:26  Reaper  
  17  1:27  Orbital Command  
  17  1:31  Refinery  
  18  1:45  Reaper  
  19  1:52  SCV  
  20  1:55  Supply Depot  
  20  2:01  Reaper  
  20  2:04  SCV  
  22  2:17  SCV  
  22  2:21  Factory  
  23  2:29  SCV  
  24  2:41  SCV  
  25  2:49  Command Center  
  25  2:53  SCV  
  26  2:59  Supply Depot  
  26  3:04  Factory Tech Lab  
  26  3:05  SCV  
  27  3:11  Starport  
  27  3:18  SCV  
  28  3:23  Cyclone  
  31  3:30  SCV  
  32  3:42  SCV  
  32  3:47  Medivac  
  35  3:54  SCV  
  39  3:55  Cyclone  
  39  4:05  Orbital Command  
  39  4:06  SCV  
  38  4:13  Barracks Reactor  
  38  4:18  Barracks, SCV  
  38  4:22  Viking  
  41  4:27  Orbital Command  
  41  4:30  SCV  
  42  4:33  Barracks Tech Lab  
  42  4:42  SCV  
  42  4:43  Factory Tech Lab  
  43  4:50  Supply Depot  
  43  4:52  Marine x3  
  46  4:55  SCV x2  
  48  5:06  Marine  
  48  5:07  SCV x2  
  46  5:09  Marine  
  46  5:10  Marine x2  
  46  5:19  SCV x2  
  45  5:27  Marine  
  47  5:32  Stimpack  
  46  5:37  Starport Reactor, SCV  
  46  5:38  SCV  
  46  5:40  Marine  
  46  5:41  Marine  
  50  5:44  Factory Reactor  
  50  5:49  Marine  
  52  5:50  SCV x2  
  52  5:56  Supply Depot  
  52  6:02  SCV x2  
  54  6:05  Marauder x2  
  58  6:14  SCV x2  
  60  6:19  Medivac  
  60  6:20  Medivac  
  64  6:25  Marine  
  64  6:26  Marine  
  70  6:34  Supply Depot x2  
  70  6:36  Siege Tank  
  70  6:38  Marine  
  70  6:40  Marine x2  
  70  6:43  SCV x2, Marine x2  
  76  6:56  Marine  
  76  6:58  Marine x2  
  79  7:01  Marine x2  
  79  7:05  SCV  
  79  7:06  SCV  
  79  7:08  Siege Tank  
  83  7:14  Marine  
  83  7:16  Marine x2, Medivac  
  83  7:19  Marine x2  
  77  7:31  Marine  
  77  7:34  Marine x2  
  77  7:35  SCV  
  77  7:37  Marine x2  
  77  7:45  SCV  
  77  7:48  SCV  
  77  7:49  Marine  
  79  7:51  Marine x2  
  79  7:54  Marine  
  79  7:56  Marine  
  79  7:57  SCV  
  77  8:00  SCV  
Tags
 
Add a new tag
Caveats
  • Supply blocks, unpowered buildings, or Contaminate may cause inaccurate times.
  • Supply counts are checked every 10 seconds.